 Dungeon Crawl Stone Soup version 0.26-a0-259-g1effd001a9 (webtiles) character file.

Game seed: 7618807676366054050

539504 tilp the Warrior (level 25, -31/133 HPs)
             Began as a Spriggan Enchanter on July 18, 2020.
             Was the Champion of Dithmenos.
             Killed from afar by an iron dragon (61 damage)
             ... with a spray of metal splinters
             ... on level 5 of the Vaults on July 20, 2020.
             The game lasted 03:45:15 (90140 turns).

tilp the Warrior (Spriggan Enchanter)              Turns: 90140, Time: 03:45:16

Health: -31/133    AC: 16    Str:  6    XL:     25   Next: 21%
Magic:  51/51      EV: 32    Int: 36    God:    Dithmenos [******]
Gold:   346        SH: 10    Dex: 18    Spells: 3/52 levels left

rFire    + + .     SeeInvis +   b - +7 fustibalus of Poigax {freeze, rC+ Int+5}
rCold    + + .     Faith    .   x - +3 buckler {rF+}
rNeg     . . .     Spirit   .   k - +1 faerie dragon scales {Harm rElec rPois rCorr}
rPois    +         Reflect  .   j - +2 hat
rElec    +         Harm     +   S - scarf {+Inv}
rCorr    +                      (gloves unavailable)
MR       +++++                  (boots unavailable)
Stlth    ++++++++++             L - amulet of magic regeneration
HPRegen  0.32/turn              H - ring of Mypsudec {rC+ MR+ AC+4 Int+4}
MPRegen  0.57/turn              J - ring "Myoxeydgh" {+Blink rF+ MP+9}

@: wreathed by umbra, very quick
A: very small, unfitting armour, slimy green scales 1, see invisible, herbivore,
speed 3, frail 1, slow metabolism 2, strong 1
}: 2/15 runes: decaying, serpentine
a: Shadow Step, Shadow Form, Renounce Religion, Evoke Blink, Evoke Invisibility


You were on level 5 of the Vaults.
You worshipped Dithmenos.
Dithmenos was exalted by your worship.
You were not hungry.

You visited 8 branches of the dungeon, and saw 42 of its levels.
You also visited: Sewer, Ice Cave and Volcano.

You collected 5237 gold pieces.
You spent 4891 gold pieces at shops.

Inventory:

Hand Weapons
 a - a +9 dagger of freezing
 b - the +7 fustibalus of Poigax (weapon) {freeze, rC+ Int+5}
   (You found it in an ice cave)

   It causes projectiles fired from it to freeze those they strike, causing
   extra injury to most foes and up to half again as much damage against
   particularly susceptible opponents.
   They can also slow down cold-blooded creatures.
   It affects your intelligence (+5).
   It protects you from cold.
 p - a +2 antimagic dagger
 M - a +4 dagger of flaming
Missiles
 q - 6 atropa-tipped darts {!f}
 r - 117 sling bullets (quivered)
 y - 3 throwing nets {!f}
 R - 20 curare-tipped darts {!f}
Armour
 j - a +2 hat (worn)
 k - the +1 faerie dragon scales (worn) {Harm rElec rPois rCorr}
   (You took it off the Enchantress on level 3 of the Depths)

   It insulates you from electricity.
   It protects you from poison.
   It provides partial protection from all sources of acid and corrosion.
   It increases damage dealt and taken.
 x - a +3 buckler of fire resistance (worn)
 S - a scarf of invisibility (worn)
 T - a +2 robe of resistance
Jewellery
 H - the ring of Mypsudec (left hand) {rC+ MR+ AC+4 Int+4}
   (You found it on level 8 of the Dungeon)

   [ring of protection]

   It affects your AC (+4).
   It affects your intelligence (+4).
   It protects you from cold.
   It affects your resistance to hostile enchantments.
 J - the ring "Myoxeydgh" (right hand) {+Blink rF+ MP+9}
   (You found it on level 8 of the Dungeon)

   [ring of magical power]

   It protects you from fire.
   It affects your magic capacity (+9).
   It lets you blink.
 L - an amulet of magic regeneration (around neck)
Wands
 v - a wand of polymorph (30)
 D - a wand of iceblast (42)
 G - a wand of flame (134)
 K - a wand of acid (23)
 N - a wand of paralysis (27)
 X - a wand of enslavement (20)
 Z - a wand of digging (11)
Scrolls
 f - 23 scrolls of remove curse
 m - 11 scrolls of teleportation
 n - a scroll of amnesia
 o - 3 scrolls of silence
 A - a scroll of holy word
 B - 4 scrolls of fog
 E - 7 scrolls of enchant armour
 F - 3 scrolls of blinking
 Q - a scroll of fear
 V - 4 scrolls of magic mapping
 Y - 14 scrolls of identify
Potions
 c - 8 potions of mutation
 e - 4 potions of invisibility
 g - 9 potions of lignification
 h - 8 potions of flight
 l - 11 potions of brilliance
 s - a potion of cancellation
 z - a potion of curing
 I - 2 potions of magic
 O - 3 potions of stabbing
 U - 4 potions of resistance
 W - 4 potions of haste
Miscellaneous
 i - a phial of floods
 C - a lightning rod (4/4)
Comestibles
 d - 103 rations


   Skills:
 + Level 20.7 Fighting
 - Level 10.0 Short Blades
 - Level 14.0 Slings
 - Level 7.0 Armour
 - Level 20.0 Dodging
 - Level 18.0 Stealth
 - Level 4.0 Shields
 - Level 14.0 Spellcasting
 - Level 20.0 Hexes
 - Level 4.0 Transmutations
 - Level 10.0 Earth Magic
 - Level 8.0 Invocations
 - Level 15.0 Evocations


You had 3 spell levels left.
You knew the following spells:

 Your Spells              Type           Power        Failure   Level
a - Petrify               Tmut/Erth      ######..     1%          4
b - Ensorcelled Hibernat  Hex/Ice        ######       1%          2
c - Confusing Touch       Hex            ########     0%          3
d - Tukima's Dance        Hex            ########     0%          3
e - Dazzling Flash        Conj/Hex       ######       1%          3
f - Cause Fear            Hex            ########..   0%          4
g - Yara's Violent Unrav  Hex/Tmut       #######...   1%          5
h - Apportation           Tloc           ####..       3%          1
i - Darkness              Hex            ########..   1%          6
j - Summon Butterflies    Summ           ####....     3%          1
k - Lee's Rapid Deconstr  Erth           #######...   1%          5
l - Silence               Hex/Air        #######...   1%          5
m - Passwall              Tmut/Erth      ######..     1%          2
n - Summon Mana Viper     Hex/Summ       #######.     1%          5

Your spell library contained the following spells:

 Spells                   Type           Power        Failure   Level
 Corona                   Hex            #######      0%          1
 Inner Flame              Hex/Fire       #######.     1%          3
 Animate Skeleton         Necr           ####..       3%          1
 Foxfire                  Conj/Fire      ####         3%          1
 Shock                    Conj/Air       ####         3%          1
 Summon Small Mammal      Summ           ####         3%          1
 Blink                    Tloc           N/A          5%          2
 Corpse Rot               Necr/Air       N/A          5%          2
 Shroud of Golubria       Chrm/Tloc      ####..       5%          2
 Sublimation of Blood     Necr           ####......   5%          2
 Swiftness                Chrm/Air       ####....     5%          2
 Ignite Poison            Fire/Tmut/Pois ####....     6%          3
 Call Canine Familiar     Summ           ####....     11%         3
 Conjure Flame            Conj/Fire      ####....     11%         3
 Gell's Gravitas          Tloc           ####......   11%         3
 Lesser Beckoning         Tloc           ####......   11%         3
 Ozocubu's Armour         Chrm/Ice       ####....     11%         3
 Static Discharge         Conj/Air       ####....     11%         3
 Teleport Other           Tloc           ####....     11%         3
 Metabolic Englaciation   Hex/Ice        #######...   1%          5
 Invisibility             Hex            ########     1%          6
 Discord                  Hex            ########..   6%          8
 Blade Hands              Tmut           ######....   19%         5
 Bolt of Magma            Conj/Fire/Erth #####.....   26%         5
 Statue Form              Tmut/Erth      ######...    30%         6
 Airstrike                Air            ####......   34%         4
 Dispel Undead            Necr           ####....     34%         4
 Passage of Golubria      Tloc           N/A          34%         4
 Sticky Flame             Conj/Fire      ####....     34%         4
 Summon Ice Beast         Ice/Summ       ####....     34%         4
 Alistair's Intoxication  Tmut/Pois      #####...     38%         5
 Irradiate                Conj/Tmut      #####.....   38%         5
 Agony                    Necr           ####....     67%         5
 Excruciating Wounds      Chrm/Necr      ####......   67%         5
 Fireball                 Conj/Fire      ####......   67%         5
 Lightning Bolt           Conj/Air       ####......   67%         5
 Hydra Form               Tmut           ######....   71%         6
 Eringya's Noxious Bog    Tmut/Pois      #####.....   93%         6
 Conjure Ball Lightning   Conj/Air       ####......   99%         6
 Dragon Form              Tmut           ######....   99%         7
 Spellforged Servitor     Conj/Summ      ####......   100%        7
 Summon Hydra             Summ           ####......   100%        7


Dungeon Overview and Level Annotations

Branches:
Dungeon (15/15)            Temple (1/1) D:7            Lair (6/6) D:8
  Swamp (4/4) Lair:3        Snake (4/4) Lair:2          Orc (2/2) D:10
    Elf (0/3) Orc:2        Vaults (5/5) D:13          Crypt (0/3) Vaults:3
 Depths (5/5) D:15            Zot (0/5) Depths:5      Sewer (visited)
  IceCv (visited)         Volcano (visited)
  Slime: Lair:5-6

Altars:
Ashenzari
Cheibriados
Dithmenos
Elyvilon
Fedhas
Gozag
Hepliaklqana
Kikubaaqudgha
Makhleb
Nemelex Xobeh
Okawaru
Qazlal
Ru
Sif Muna
Trog
Uskayaw
Vehumet
Wu Jian
Xom
Yredelemnul
Zin
The Shining One
Beogh

Shops:
Orc:2 (*(*   Snake:2 }   Vaults:3 :   Depths:1 }

Portals:
Hell: Depths:1 Depths:2 Depths:3 Depths:4 Depths:5
Abyss: Depths:1 Depths:3 Depths:4
Pandemonium: Depths:3 Depths:4
Ziggurat: Depths:4

Annotations:
D:11 Gastronok
Lair:2 exclusion: oklob plant
Lair:5 exclusion: oklob plant
Swamp:1 1 runed translucent door, Disku's ghost, adept FoFi
Swamp:4 1 runed translucent door, floatRand's ghost, adept GnFi
Depths:1 exclusion: orange crystal statue


Innate Abilities, Weirdness & Mutations

You are very small and have problems with some larger weapons.
You are too small for most types of armour.
You have supernaturally acute eyesight. (SInv)
You are a herbivore.
You cover ground extremely quickly.
You need to consume almost no food.
You are partially covered in slimy green scales. (AC +2)
You are frail. (-10% HP)
Your muscles are strong. (Str +2)


Message History

Press: ? - help, Shift-Dir - straight line, f/p - iron dragon
Aim: an iron dragon (lightly wounded, umbra)
You shoot a sling bullet. The sling bullet hits the iron dragon.
The iron dragon is lightly wounded.
Your shadow shoots a sling bullet.
The sling bullet hits the iron dragon but does no damage.
The sling bullet disappears in a puff of smoke!
You see here a mace.
The ironheart preserver hits you with a +0 flail!!
* * * LOW HITPOINT WARNING * * *
You emit a cloud of dark smoke.
The iron dragon breathes metal splinters at you.
The spray of metal splinters misses you.
You feel better.
You feel better.
The ironheart preserver stops moving altogether!
You feel better.
The iron dragon breathes metal splinters at you.
The spray of metal splinters hits you!!!
You die...

#..#..,,,**,,,,,,,,,,,**,,#.D#,,,
#..#..##,,***,,,,,,,***,,*#..#,,,
#..##..#,,,,**,,,,,**,,,,#p.##,,,
#..##..##,,,,,,,,,,,,,,,*#..#*,,,
#..##...##,,,,,,,,,,,,,##...#*,,,
#).###.[.####,,,,,,,####...##*,,,
#..###......#########......##*,,,
#..##(.((D.§D§..(((((..(....#*,,,
#..#..)##..§§p§§@....(((##...#,,,
#....)######§§§.....[####*#u....,
#...(#######################....,
#....)..........).).............,
#........).(.).†..).............,
################################*


You could see an iron dragon (catching breath).

Vanquished Creatures
  An ancient lich (Vaults:5)
  Mennas (Depths:5)
  2 juggernauts
  Sojobo (Vaults:2)
  Margery (Depths:3)
  Bai Suzhen (Depths:2)
  Xtahua (Depths:3)
  5 large abominations
  Nikola (Swamp:3)
  2 golden dragons
  A bone dragon (Depths:5)
  9 tentacled monstrosities
  3 liches
  Asterion (Snake:2)
  A quicksilver dragon (Vaults:5)
  2 titans (Vaults:5)
  A deep elf blademaster (Depths:2)
  4 sphinxes
  Kirke (D:12)
  An ancient champion (Vaults:2)
  A draconian monk (Depths:5)
  A thorn hunter (Swamp:3)
  2 shadow dragons (Vaults:5)
  6 tengu reavers
  Agnes (D:15)
  8 nagarajas
  Donald (Vaults:4)
  A draconian knight (Vaults:2)
  An iron dragon (Depths:3)
  7 frost giants
  10 fire giants
  Louise (Snake:4)
  A deep elf sorcerer (Vaults:3)
  10 vault wardens
  A draconian shifter (Depths:5)
  2 orc warlords (Depths:2)
  Aizul (Depths:3)
  A draconian annihilator (Depths:5)
  4 spriggan defenders
  13 ironheart preservers
  A war gargoyle (Vaults:5)
  2 juggernaut skeletons (D:15)
  43 very ugly things
  3 entropy weavers
  A vampire knight (Vaults:2)
  18 stone giants
  3 deep elf demonologists
  A black draconian (Depths:5)
  A green draconian (Depths:5)
  A deep elf annihilator (Vaults:2)
  A purple draconian (Depths:5)
  A spark wasp (Depths:4)
  A red draconian (Depths:5)
  9 fire dragons
  A deep elf death mage (Vaults:3)
  17 ettins
  10 yaktaur captains
  5 great orbs of eyes
  15 ogre magi
  11 ice dragons
  17 naga warriors
  A rakshasa (Vaults:2)
  2 catoblepae (Depths:4)
  28 hydras
  A hell beast (Depths:1)
  An anaconda (shapeshifter) (Depths:4)
  15 centaur warriors
  15 vault guards
  14 anacondas
  52 two-headed ogres
  3 spriggan air magi
  15 alligators
  4 death knights
  7 tengu warriors
  6 deep troll shamans
  4 death yaks (Depths:4)
  9 deep troll earth magi
  5 spriggan berserkers
  22 naga sharpshooters
  13 shock serpents
  Sonja (D:11)
  3 vampire magi
  A shock serpent (shapeshifter) (Vaults:3)
  7 skeletal warriors
  4 deep elf knights
  3 salamander mystics
  The ghost of Zebulonius the Eclecticist, a novice DEFE of Vehumet (Lair:2)
  5 hell knights (Depths:3)
  2 iron trolls
  3 shadow wraiths
  41 deep trolls
  2 glowing orange brains
  A golden dragon zombie (D:15)
  5 unseen horrors
  3 flayed ghosts
  2 spriggan druids
  9 deep elf archers
  9 naga ritualists
  An unseen horror (shapeshifter) (Vaults:2)
  A lindwurm (shapeshifter) (Vaults:5)
  16 swamp dragons
  3 harpies
  12 ironbrand convokers
  A lindwurm (Lair:6)
  A phantasmal warrior (Vaults:4)
  A harpy (shapeshifter) (Depths:5)
  5 wizards
  11 mana vipers
  3 wolf spiders
  3 necromancers
  13 deep elf magi
  16 orc knights
  54 ugly things
  2 orc sorcerers
  13 cyclopes
  A cyclops (shapeshifter) (Vaults:5)
  4 manticores
  13 salamanders
  11 guardian serpents
  A stone giant skeleton (Vaults:1)
  2 centaur zombies
  4 ice statues (IceCv)
  A rust devil (Depths:1)
  16 naga magi
  7 elephants
  8 vault sentinels
  A smoke demon (Depths:4)
  2 molten gargoyles (Lair:6)
  44 black mambas
  A rime drake (shapeshifter) (Vaults:4)
  A rime drake (Lair:6)
  2 torpor snails
  A yaktaur (shapeshifter) (Vaults:3)
  27 yaktaurs
  12 cane toads
  11 ice devils
  A komodo dragon (shapeshifter) (Vaults:4)
  8 komodo dragons
  A spriggan skeleton (D:15)
  A spark wasp simulacrum (Depths:1)
  A guardian mummy (D:15)
  9 freezing wraiths
  4 tyrant leeches
  16 hornets
  A red devil (Depths:4)
  5 tengu conjurers
  A meliai (shapeshifter) (Vaults:1)
  14 trolls
  A polar bear (Lair:2)
  A blink frog (shapeshifter) (Vaults:2)
  A harpy skeleton (D:13)
  3 dream sheep (Lair:5)
  68 slime creatures
  13 blink frogs
  10 bog bodies
  A slime creature (shapeshifter) (Vaults:1)
  5 hippogriffs
  A frost giant simulacrum (Vaults:2)
  3 shadows
  10 wraiths
  2 spriggans (shapeshifter)
  17 spriggans
  2 tarantellas (shapeshifter)
  6 wyverns
  5 redbacks
  A hog (D:12)
  A basilisk (shapeshifter) (Depths:1)
  2 fire bats (Volcano)
  A yak (shapeshifter) (D:13)
  Eustachio (D:4)
  48 yaks
  A steam dragon (Lair:6)
  2 humans (shapeshifter) (Vaults:3)
  An ogre zombie (Vaults:1)
  2 human simulacra
  A yaktaur simulacrum (Vaults:2)
  Grum (D:8)
  2 chaos spawn
  30 vampire mosquitoes
  4 basilisks
  An elf skeleton (Vaults:1)
  5 wargs
  22 swamp worms
  63 nagas
  A soldier ant (shapeshifter) (Vaults:1)
  Edmund (D:6)
  6 insubstantial wisps (Swamp:1)
  2 acid dragons (Vaults:2)
  6 porcupines
  11 water moccasins
  6 hell hounds
  6 phantoms
  2 necrophages
  13 swamp drakes
  4 black bears
  30 orc warriors
  7 sky beasts
  3 ice beasts
  58 ogres
  2 eyes of draining
  8 wolves
  14 boggarts
  29 centaurs
  14 crocodiles
  4 big kobolds
  18 bullfrogs
  A wyvern zombie (D:14)
  A gnoll sergeant (D:9)
  8 small abominations (Depths:3)
  A water moccasin zombie (D:8)
  2 scorpions
  3 wyvern skeletons
  6 killer bees (D:8)
  14 wights
  6 electric eels
  2 draconian simulacra (IceCv)
  A bullfrog zombie (D:6)
  5 lava snakes (Lair:6)
  8 jellies
  A bullfrog skeleton (D:11)
  2 quasits
  24 orc priests
  7 hounds
  29 orc wizards
  4 centaur skeletons
  9 worker ants
  4 iguanas
  4 spriggan simulacra (IceCv)
  A troll simulacrum (IceCv)
  A centaur simulacrum (IceCv)
  6 hound zombies
  A hound skeleton (D:8)
  A worker ant zombie (D:5)
  A howler monkey zombie (D:6)
  13 gnolls
  An ogre simulacrum (IceCv)
  13 adders
  A naga simulacrum (IceCv)
  2 river rats (Sewer)
  A shadow imp (D:6)
  15 white imps
  2 ufetubi
  An ooze (D:5)
  An adder skeleton (D:8)
  An adder zombie (D:7)
  7 worms
  A dart slug (D:1)
  2 leopard geckos
  84 orcs
  4 bats
  4 giant cockroaches
  7 goblins
  11 hobgoblins
  8 jackals
  29 kobolds
  2 quokkas (D:3)
  A ball python (D:6)
  3 frilled lizards
  A jackal skeleton (D:5)
  2 leopard gecko skeletons
  A quokka skeleton (D:7)
  7 rats
  A fungus (Lair:6)
  3 plants
1947 creatures vanquished.

Vanquished Creatures (collateral kills)
  Mara (Depths:3)
  the Enchantress (Depths:3)
  A shadow dragon (Depths:5)
  2 vault wardens
  A deep elf annihilator (Depths:4)
  A rakshasa (Depths:3)
  An orc sorcerer (Vaults:5)
  A vault sentinel (Vaults:5)
  A hornet (Depths:3)
  A spriggan (Depths:3)
  An ogre (Vaults:1)
  An orc wizard (Vaults:5)
  An orc (Vaults:5)
14 creatures vanquished.

Vanquished Creatures (others)
  A deep troll shaman (Depths:5)
  An orc knight (Depths:2)
  A hornet (Depths:4)
  A boggart (Vaults:1)
  2 ogres (Orc:2)
  An orc wizard (Orc:2)
  5 orcs (Orc:2)
  14 fungi
  18 plants
44 creatures vanquished.

Grand Total: 2005 creatures vanquished

Notes
Turn   | Place    | Note
-------+----------+-------------------------------------------
     0 | D:1      | tilp the Spriggan Enchanter began the quest for the Orb.
     0 | D:1      | Reached XP level 1. HP: 9/9 MP: 5/5
   787 | D:1      | Reached XP level 2. HP: 13/13 MP: 6/6
   791 | D:1      | Learned a level 2 spell: Ensorcelled Hibernation
  1348 | D:2      | Reached XP level 3. HP: 17/17 MP: 8/8
  1353 | D:2      | Learned a level 3 spell: Confusing Touch
  1598 | D:2      | Reached skill level 5 in Stealth
  1869 | D:2      | Reached skill level 1 in Fighting
  2031 | D:2      | Reached XP level 4. HP: 22/22 MP: 5/9
  2132 | D:2      | Found a glowing golden altar of the Shining One.
  2427 | D:2      | Found a white marble altar of Elyvilon.
  2919 | D:3      | Found a faded altar of an unknown god.
  3885 | D:3      | Reached XP level 5. HP: 25/25 MP: 6/10
  4302 | D:4      | Found a hide-covered altar of Uskayaw.
  4302 | D:4      | Noticed a +0 dagger
  4302 | D:4      | Noticed a +0 hand axe
  4335 | D:4      | Noticed Eustachio
  4336 | D:4      | Noticed an ogre
  4600 | D:4      | Noticed an ogre
  4645 | D:4      | Killed an ogre
  4645 | D:4      | Reached skill level 5 in Dodging
  4645 | D:4      | Reached skill level 5 in Hexes
  4645 | D:4      | Reached XP level 6. HP: 30/30 MP: 6/11
  4991 | D:4      | Killed Eustachio
  5224 | D:4      | Reached XP level 7. HP: 35/35 MP: 12/12
  5623 | D:5      | Entered Level 5 of the Dungeon
  5625 | D:5      | Found a shattered altar of Ashenzari.
  5928 | D:5      | Found a bloodstained altar of Trog.
  6484 | D:5      | Found a hide-covered altar of Uskayaw.
  6486 | D:5      | Reached XP level 8. HP: 40/40 MP: 13/13
  6582 | D:5      | Reached skill level 5 in Short Blades
  6700 | D:5      | Found a hazy altar of Hepliaklqana.
  7342 | D:6      | Learned a level 3 spell: Tukima's Dance
  7349 | D:6      | Learned a level 3 spell: Dazzling Flash
  7381 | D:6      | Found a glowing drain.
  7403 | Sewer    | Entered a sewer
  7668 | Sewer    | Found a white marble altar of Elyvilon.
  8234 | D:6      | Found a transporter.
  8286 | D:6      | Found a transporter.
  8390 | D:6      | Reached XP level 9. HP: 14/44 MP: 13/14
  8645 | D:6      | Found an iron altar of Okawaru.
  9034 | D:6      | Noticed Edmund
  9067 | D:6      | Killed Edmund
  9548 | D:7      | Found a staircase to the Ecumenical Temple.
  9750 | Temple   | Entered the Ecumenical Temple
  9829 | Temple   | Became a worshipper of Dithmenos the Shadowed
 10226 | D:7      | Found a shimmering altar of Xom.
 10337 | D:7      | Found a radiant altar of Vehumet.
 10518 | D:8      | Reached skill level 1 in Evocations
 10535 | D:8      | Found a staircase to the Lair.
 10559 | D:8      | Reached skill level 1 in Invocations
 10724 | D:8      | Reached skill level 10 in Hexes
 10761 | D:8      | Noticed Grum
 10770 | D:8      | Killed Grum
 10941 | D:8      | Reached * piety under Dithmenos
 10989 | D:8      | Reached XP level 10. HP: 49/49 MP: 15/15
 11201 | D:8      | Found an ornate altar of the Wu Jian Council.
 11204 | D:8      | Found a runed translucent door.
 11204 | D:8      | Noticed a two-headed ogre
 11242 | D:8      | Killed a two-headed ogre
 11242 | D:8      | Reached skill level 10 in Stealth
 11242 | D:8      | Reached skill level 5 in Evocations
 11578 | D:8      | Got a translucent pewter ring
 11582 | D:8      | Got a sparkling jade ring
 11591 | D:8      | Noticed a centaur warrior
 11598 | D:8      | Got a scintillating bone ring
 11661 | D:8      | Identified the ring of Cila {Ice Int+3}
 11663 | D:8      | Killed a centaur warrior
 11676 | D:8      | Noticed a tengu warrior
 11792 | D:8      | Noticed an orc knight
 11793 | D:8      | Found a runed translucent door.
 11793 | D:8      | Found a runed translucent door.
 11906 | D:9      | Noticed a centaur warrior
 11907 | D:9      | Killed a centaur warrior
 12358 | D:9      | Found an ancient bone altar of Kikubaaqudgha.
 12831 | D:9      | Found a sacrificial altar of Ru.
 12840 | D:9      | Reached XP level 11. HP: 52/52 MP: 18/18
 12887 | D:9      | Identified the ring of Urod {Wiz MR- Str+9} (You found it
                  | on level 8 of the Dungeon)
 12923 | D:10     | Entered Level 10 of the Dungeon
 12927 | D:10     | Reached ** piety under Dithmenos
 13225 | D:10     | Found a roughly hewn altar of Beogh.
 13225 | D:10     | Found a staircase to the Orcish Mines.
 13261 | D:10     | Identified the ring of Mypsudec {rC+ MR+ AC+4 Int+4} (You
                  | found it on level 8 of the Dungeon)
 13586 | D:10     | Reached skill level 5 in Spellcasting
 13838 | D:11     | Reached *** piety under Dithmenos
 14383 | D:11     | Noticed a two-headed ogre
 14411 | D:11     | Killed a two-headed ogre
 14704 | D:11     | Reached skill level 10 in Dodging
 14846 | D:11     | Noticed an unseen horror
 14855 | D:11     | Killed an unseen horror
 15017 | D:11     | Noticed a five-headed hydra
 15040 | D:11     | Killed a five-headed hydra
 15040 | D:11     | Reached skill level 5 in Fighting
 15112 | D:11     | Noticed Gastronok
 15236 | D:11     | Noticed a two-headed ogre
 15241 | D:11     | Killed a two-headed ogre
 15241 | D:11     | Reached XP level 12. HP: 60/60 MP: 19/22
 15301 | D:11     | Reached skill level 10 in Short Blades
 15471 | D:11     | Noticed Sonja
 15476 | D:11     | Killed Sonja
 15507 | D:11     | Learned a level 4 spell: Cause Fear
 16058 | Lair:1   | Entered Level 1 of the Lair of Beasts
 16089 | Lair:1   | Noticed a five-headed hydra
 16096 | Lair:1   | Killed a five-headed hydra
 16100 | Lair:1   | Reached **** piety under Dithmenos
 16104 | Lair:1   | Identified the ring "Myoxeydgh" {+Blink rF+ MP+9} (You
                  | found it on level 8 of the Dungeon)
 16394 | Lair:1   | Reached skill level 15 in Stealth
 17220 | Lair:2   | Found a dark tunnel.
 17227 | Volcano  | Entered a volcano
 17255 | Volcano  | Noticed a two-headed ogre
 17256 | Volcano  | Killed a two-headed ogre
 18049 | Lair:2   | Found a staircase to the Snake Pit.
 18056 | Lair:2   | Reached skill level 1 in Shields
 18149 | Lair:2   | Found a runed translucent door.
 18152 | Lair:2   | Noticed Zebulonius's ghost (novice DEFE)
 18153 | Lair:2   | Identified the +1 trident "Medoatz" {vorpal, rElec rN++
                  | Int-4 Dex-2}
 18722 | Lair:2   | Identified a scroll of acquirement
 18722 | Lair:2   | Acquired a scarf of invisibility
 19124 | Lair:3   | Reached skill level 15 in Dodging
 19124 | Lair:3   | Reached XP level 13. HP: 65/65 MP: 23/23
 19470 | Lair:3   | Found a staircase to the Swamp.
 19504 | Lair:3   | Found a hazy altar of Hepliaklqana.
 21317 | Lair:5   | Reached ***** piety under Dithmenos
 22237 | Lair:6   | Entered Level 6 of the Lair of Beasts
 22241 | Lair:6   | Reached skill level 10 in Evocations
 23048 | Lair:6   | Reached XP level 14. HP: 74/74 MP: 24/24
 23169 | Lair:6   | Gained mutation: Armour fits poorly on your strangely
                  | shaped body. [mutagenic glow]
 23353 | Lair:6   | Found a large runed translucent door.
 23354 | Lair:6   | Found a large runed translucent door.
 23799 | Lair:6   | Reached skill level 10 in Fighting
 23799 | Lair:6   | Reached XP level 15. HP: 81/81 MP: 25/25
 23800 | Lair:6   | Reached XP level 16. HP: 86/86 MP: 27/27
 23801 | Lair:6   | Reached skill level 5 in Invocations
 23801 | Lair:6   | Reached XP level 17. HP: 90/90 MP: 29/29
 23953 | Lair:2   | HP: 4/90 [spriggan rider/the +1 trident "Medoatz" {vorpal,
                  | rElec rN++ Int-4 Dex-2} (2)]
 24304 | Lair:2   | Killed Zebulonius's ghost
 25089 | D:12     | Found a frozen archway.
 25197 | D:12     | Reached ****** piety under Dithmenos
 25255 | IceCv    | Entered an ice cave
 25843 | IceCv    | Got a faintly glowing fustibalus
 25927 | IceCv    | Identified the +7 fustibalus of Poigax {freeze, rC+ Int+5}
                  | (You found it in an ice cave)
 26789 | D:12     | Noticed Kirke
 26823 | D:12     | Killed Kirke
 27018 | Orc:1    | Entered Level 1 of the Orcish Mines
 27147 | Orc:2    | Entered Level 2 of the Orcish Mines
 27147 | Orc:2    | Found Buecw's Antique Weapon Shop.
 30244 | Orc:2    | Found Mapo Lol's Assorted Antiques.
 30245 | Orc:2    | Found Wahatiuj's General Store.
 30255 | Orc:2    | Bought a scroll of enchant weapon for 270 gold pieces
 30267 | Orc:2    | Found Ocaed's Weapon Boutique.
 30426 | Orc:2    | Found a staircase to the Elven Halls.
 30858 | Orc:2    | Found a roughly hewn altar of Beogh.
 31703 | Orc:2    | Bought a scroll of identify for 72 gold pieces
 31703 | Orc:2    | Bought a bone wand for 144 gold pieces
 32465 | D:13     | Found a gate to the Vaults.
 33037 | D:14     | Reached skill level 15 in Evocations
 33667 | D:15     | Entered Level 15 of the Dungeon
 33731 | D:15     | Found a staircase to the Depths.
 33988 | D:15     | Got a warped marble ring
 34096 | D:15     | Reached XP level 18. HP: 77/96 MP: 31/31
 34199 | D:15     | Identified a ring of Grontol {EV+4 Int+5} (You found it on
                  | level 15 of the Dungeon)
 34753 | D:15     | Noticed Agnes
 34984 | D:15     | Killed Agnes
 35909 | Snake:1  | Entered Level 1 of the Snake Pit
 37432 | Snake:1  | Learned a level 5 spell: Yara's Violent Unravelling
 37459 | Snake:2  | Reached skill level 1 in Transmutations
 37757 | Snake:2  | Noticed Asterion
 37759 | Snake:2  | Killed Asterion
 38794 | Snake:2  | Found Paasinna's Gadget Boutique.
 40447 | Snake:3  | Reached skill level 15 in Hexes
 40670 | Snake:3  | Reached skill level 1 in Slings
 41590 | Snake:3  | Reached skill level 5 in Slings
 42013 | Snake:3  | Reached XP level 19. HP: 102/102 MP: 32/32
 42309 | Snake:3  | Identified the +1 robe of the Lizard {Int+3 Dex+5} (You
                  | found it on level 3 of the Snake Pit)
 43618 | Snake:4  | Entered Level 4 of the Snake Pit
 44030 | Snake:4  | Noticed Louise
 44032 | Snake:4  | Killed Louise
 44134 | Snake:4  | Reached skill level 10 in Slings
 45228 | Snake:4  | Identified the ring "Etecaqa" {Ice *Corrode rPois Str+4
                  | SInv} (You found it on level 4 of the Snake Pit)
 48672 | Snake:4  | Got a serpentine rune of Zot
 48812 | Swamp:1  | Entered Level 1 of the Swamp
 49013 | Swamp:1  | Found a runed translucent door.
 50280 | Swamp:1  | Noticed Disku's ghost (adept FoFi)
 51323 | Swamp:2  | Reached XP level 20. HP: 109/109 MP: 33/33
 52737 | Swamp:4  | Entered Level 4 of the Swamp
 54416 | Swamp:4  | Noticed Nikola
 54460 | Swamp:3  | Killed Nikola
 54721 | Swamp:4  | Found a runed translucent door.
 54723 | Swamp:4  | Noticed floatRand's ghost (adept GnFi)
 56725 | Swamp:4  | Reached skill level 15 in Fighting
 57000 | Swamp:4  | Got a decaying rune of Zot
 57496 | Vaults:1 | Entered Level 1 of the Vaults
 58208 | Vaults:1 | Reached skill level 10 in Spellcasting
 60771 | Vaults:2 | Reached XP level 21. HP: 69/120 MP: 36/36
 61312 | Vaults:2 | Noticed Sojobo
 61314 | Vaults:2 | Killed Sojobo
 62113 | Vaults:2 | Learned a level 1 spell: Apportation
 62949 | Vaults:2 | Gained mutation: You tend to lose your temper in combat.
                  | [mutagenic glow]
 63811 | Vaults:3 | Found a staircase to the Crypt.
 64653 | Vaults:3 | Found Usyhy's Book Emporium.
 64899 | Vaults:3 | Bought a book of Flames for 455 gold pieces
 64899 | Vaults:3 | Bought a book of Party Tricks for 650 gold pieces
 64899 | Vaults:3 | Bought a book of Burglary for 975 gold pieces
 64906 | Vaults:3 | Learned a level 6 spell: Darkness
 64908 | Vaults:3 | Learned a level 1 spell: Summon Butterflies
 64914 | Vaults:3 | Learned a level 5 spell: Lee's Rapid Deconstruction
 67650 | Vaults:4 | Noticed Donald
 67652 | Vaults:4 | Killed Donald
 67777 | Vaults:4 | Reached skill level 1 in Earth Magic
 68380 | Vaults:3 | Learned a level 5 spell: Silence
 69013 | Vaults:4 | Reached XP level 22. HP: 111/128 MP: 37/37
 69038 | Vaults:4 | Identified the ring of Tyopne {rF+ Dex+4 Stlth+} (You found
                  | it on level 4 of the Vaults)
 69148 | Vaults:4 | Reached skill level 5 in Earth Magic
 69154 | Vaults:4 | Identified Sophisticated Theurgy
 70223 | Vaults:4 | Lost mutation: You tend to lose your temper in combat.
                  | [potion of mutation]
 70223 | Vaults:4 | Lost mutation: Armour fits poorly on your strangely shaped
                  | body. [potion of mutation]
 70223 | Vaults:4 | Gained mutation: Your muscles are strong. (Str +2) [potion
                  | of mutation]
 70223 | Vaults:4 | Gained mutation: You are frail. (-10% HP) [potion of
                  | mutation]
 70223 | Vaults:4 | Gained mutation: You are partially covered in slimy green
                  | scales. (AC +2) [potion of mutation]
 70575 | Vaults:4 | Learned a level 2 spell: Passwall
 70701 | Vaults:4 | Identified the +7 scimitar "Ogreslayer" {holy, +Rage} (You
                  | found it on level 4 of the Vaults)
 70944 | Vaults:4 | Identified the Disquisition on Battle Magic and Cold
 71139 | Vaults:3 | Bought a book of Alchemy for 975 gold pieces
 71346 | Depths:1 | Entered Level 1 of the Depths
 71417 | Depths:1 | Found Ricib's Gadget Shoppe.
 71785 | Depths:1 | Found a gateway to Hell.
 72968 | Depths:1 | Found a one-way gate to the infinite horrors of the Abyss.
 73083 | Depths:1 | Found the +5 robe of Night {Dark MR+ SInv}
 74505 | Depths:2 | Reached skill level 10 in Earth Magic
 74737 | Depths:2 | Noticed Bai Suzhen
 74755 | Depths:2 | Killed Bai Suzhen
 75182 | Depths:2 | Reached XP level 23. HP: 107/119 MP: 40/40
 75883 | Depths:2 | Found an iron altar of Okawaru.
 76582 | Depths:2 | You fall into a shaft and drop 1 floor!
 76583 | Depths:3 | Noticed Xtahua
 76585 | Depths:3 | Killed Xtahua
 76614 | Depths:3 | Noticed Mara
 76614 | Depths:3 | Noticed the Enchantress
 77024 | Depths:3 | Noticed Margery
 77046 | Depths:3 | Killed Margery
 77345 | Depths:3 | Found a one-way gate leading to the halls of Pandemonium.
 77415 | Depths:3 | Reached skill level 1 in Armour
 77555 | Depths:2 | Learned a level 4 spell: Petrify
 77561 | Depths:2 | Learned a level 5 spell: Summon Mana Viper
 77837 | Depths:3 | Noticed Aizul
 77839 | Depths:3 | Killed Aizul
 79317 | Depths:3 | Killed Mara
 80796 | Depths:3 | Killed the Enchantress
 82865 | Depths:4 | Found a gateway to a ziggurat.
 83245 | Depths:4 | Reached XP level 24. HP: 77/123 MP: 37/42
 83750 | Depths:4 | Identified the cursed +2 rapier "Zomnil" {holy, rC+}
 83750 | Depths:4 | Identified the +0 robe of the Baker {+Inv rC+ Str-2 Slay+2}
 83760 | Depths:4 | Identified the +5 dagger of Greed {elec, *Rage rPois rN+}
 83919 | Depths:4 | Reached skill level 5 in Armour
 84111 | Depths:4 | Identified the cursed +1 hunting sling of the Thieving
                  | Sybil {speed, rF+++ rC+ Str-2}
 84459 | Depths:4 | Found the +11 plutonium sword {*Contam Stlth-}
 84467 | Depths:4 | Noticed a juggernaut
 84640 | Depths:4 | Killed a juggernaut
 85777 | Depths:5 | Entered Level 5 of the Depths
 86779 | Depths:5 | Noticed a juggernaut
 86781 | Depths:5 | Killed a juggernaut
 87068 | Depths:5 | Noticed Mennas
 87071 | Depths:5 | Killed Mennas
 87449 | Depths:5 | Found a gate to the Realm of Zot.
 88413 | Orc:2    | Bought a potion of heal wounds for 180 gold pieces
 88413 | Orc:2    | Bought a potion of haste for 360 gold pieces
 88413 | Orc:2    | Bought a potion of heal wounds for 180 gold pieces
 88413 | Orc:2    | Bought a scroll of enchant armour for 270 gold pieces
 88413 | Orc:2    | Bought a potion of haste for 360 gold pieces
 88658 | Vaults:5 | Entered Level 5 of the Vaults
 88718 | Vaults:5 | Noticed an ancient lich
 88722 | Vaults:5 | Killed an ancient lich
 89061 | Vaults:5 | Noticed a shard shrike
 89061 | Vaults:5 | an acid blob changed into a shard shrike
 89062 | Vaults:5 | a shard shrike changed into a glowing shapeshifter
 89067 | Vaults:5 | Reached XP level 25. HP: 87/132 MP: 42/42
 89129 | Vaults:5 | HP: 4/132 [quicksilver dragon/bolt of dispelling energy
                  | (45)]
 90133 | Vaults:5 | HP: 6/133 [ironheart preserver/+0 flail (22)]
 90140 | Vaults:5 | Killed from afar by an iron dragon

Illustrated notes

Levels and vault maps discovered:
D:1:      dpeg_arrival_chambers_temple_mockup, layout_rooms
D:2:      layout_basic, old_standard_altar, lemuel_doored_altar,
          minmay_tromino_v4_c
D:3:      layout_basic, chequers_ecumenical_altar_grove
D:4:      layout_rooms, dancing_weapons_uskayaw, first_ration, uniq_eustachio
D:5:      kennysheep_spiral_hall, layout_loops_corners, lemuel_crystal_altar,
          cheibrodos_ashenzari_chains, basic_altar, bloody_trog
D:6:      gammafunk_steamed_eel, layout_basic, okawaru_altar_gauntlet_db,
          cheibrodos_sewer_entry_sluice, uniq_edmund
D:7:      layout_basic, vehumet_crystals, lemuel_crystal_altar,
          minmay_temple_entry_poolview, the_bakery
D:8:      minmay_the_grid_triangle_9x9_recursive_2
          [minmay_the_grid_triangle_9x9_prize_special,
          minmay_the_grid_triangle_9x9_intruding_spiral,
          minmay_the_grid_triangle_9x9_corruption,
          minmay_the_grid_triangle_9x9_fully_insulated_deathbox], layout_rooms,
          kennysheep_mini, erik_lair_orcish_takeover, uniq_grum
D:9:      layout_basic, kiku_gazebo_garden_becter, nicolae_ru_awakened_eye
D:10:     layout_basic, david_orc_5
D:11:     layout_layer_cave, uniq_gastronok, uniq_sonja
D:12:     layout_loops_cross, portal_ice_cave_entry_imps, uniq_kirke
D:13:     layout_rooms, david_vaults_4, minmay_unpleasant_kobolds
D:14:     layout_cave_pools, hangedman_glass_teeth, grunt_ministairs_2
D:15:     gammafunk_depths_entry_grave, layout_basic, uniq_agnes
Temple:   nicolae_temple_hex_pool
Lair:1:   layout_cave_pods, grunt_megastairs_3
Lair:2:   minmay_lair_oklob_tunnel, layout_regular_city, dummy_snake_entry,
          enter_volcano_4, ebering_ghost_funeral_grove
Lair:3:   layout_gridlike, swamp_mist_pool, basic_altar
Lair:4:   layout_gridlike, lemuel_fruit_tree
Lair:5:   layout_cave_shapes, minmay_slime_entry_oklob_enclosed,
          serial_bayou_shore_b
Lair:6:   cheibrodos_lair_end_hotspot, layout_loops_ring, minivault_25
Swamp:1:  layout_basic_swamp, ebering_ghost_reflecting_pool,
          nicolae_swamp_round_clearing, swamp_pool1, hangedman_swamp_pad
Swamp:2:  layout_falls_marsh, hangedman_swamp_cone, st_swamp_ruins_3
Swamp:3:  layout_falls_marsh, hangedman_swamp_ruin_wall
Swamp:4:  grunt_swamp_rune_castle, layout_basic_swamp,
          ebering_ghost_inner_flame, uniq_nikola
Snake:1:  layout_misc_corridors, serial_bayou_shore_b
Snake:2:  layout_grid_maze, serial_shops, shop, uniq_asterion
Snake:3:  layout_cave_pods, nrook_guardian_serpent_double
Snake:4:  johnstein_snake_rune_scales, layout_cave_town, drop_trap,
          nrook_guardian_serpent_ordinary, uniq_vashnia, uniq_louise
Orc:1:    layout_caves
Orc:2:    st_orc_open, layout_caves, basic_altar
Vaults:1: hangedman_vaults_corner, vaults_mumra_hexcomb, grunt_vaults_twisty,
          vaults_mumra_minichess, serial_ice_b, layout_vaults_omnigrid
Vaults:2: sword_in_stone, hangedman_vaults_slice, v_alt_pattern_5, v_misc_27,
          vaults_standard_mumra_x, v_misc_5, nicolae_vaults_network_star,
          layout_vaults_omnicross
Vaults:3: v_misc_16, ontoclasm_vaults_ring_small, hangedman_vaults_stream,
          ontoclasm_vaults_ring_square, hangedman_vaults_capsules,
          nicolae_vaults_hallways_thing, hangedman_vaults_maws,
          vaults_mumra_minichess_inversion, vaults_dpeg_ring,
          layout_vaults_chaotic_city, serial_shops, shop
Vaults:4: vaults_mumra_hex, dpeg_vaults_monster_box, serial_ice_m,
          hangedman_vaults_stitches, ontoclasm_vaults_decontamination, v_misc_9,
          v_pattern_4, v_misc_4, v_misc_23, nicolae_vaults_big_angled_halls,
          st_octagons_1, grunt_vaults_focal, vaults_room_hallway,
          layout_vaults_omnibox, uniq_sojobo, uniq_donald
Vaults:5: uniq_jory
Depths:1: layout_gridlike, grunt_mini_vestibule, minmay_misc_feat_plants,
          abyss_entry, minivault_16, minmay_door_square, kb_rosetta,
          minmay_shop_star
Depths:2: evilmike_iron_armoury, layout_twisted_cross, hangedman_coc_ice_floe,
          serial_sigils, serial_sigils_hangedman_scar,
          serial_sigils_hangedman_carve, serial_sigils_hangedman_writhe,
          serial_sigils_hangedman_clutch, minivault_12,
          infiniplex_staircase_pillars_1, uniq_bai_suzhen
Depths:3: cheibrodos_spurs, layout_basic, minmay_room_of_horrors,
          grunt_hell_entry_dis_mu, pan_entry, uniq_xtahua, uniq_mara,
          uniq_enchantress, uniq_margery, uniq_aizul
Depths:4: giant_chief_lemuel, layout_honeycomb, enter_ziggurat_e, abyss_entry,
          hell_entry, minmay_misc_feat_cross, rand_demon_pan_entry_1,
          chequers_serial_rivers_micro_c
Depths:5: grunt_zot_entry_bicorn, layout_small_grid, grunt_decor_mini_mirrors,
          hell_entry, uniq_mennas

Skill      XL: |  1  2  3  4  5  6  7  8  9 10 11 12 13 14 15 16 17 18 19 20 21 22 23 24 |
---------------+-------------------------------------------------------------------------+-----
Spellcasting   | 3 4 6 7 8 10 12 14 | 14.0
Hexes          | 4 5 6 8 10 12 15 16 20 | 20.0
Stealth        | 5 6 8 9 12 13 15 18 | 18.0
Short Blades   | 2 3 4 7 8 9 10 | 10.0
Fighting       | 1 2 3 5 6 8 10 11 12 13 16 18 20 | 20.7
Dodging        | 4 5 6 8 10 15 16 18 20 | 20.0
Evocations     | 4 6 8 12 15 | 15.0
Invocations    | 3 4 5 8 |  8.0
Shields        | 2 4 |  4.0
Transmutations | 4 |  4.0
Slings         | 6 14 | 14.0
Earth Magic    | 4 10 | 10.0
Armour         | 4 7 |  7.0

Action                   |  1- 3 |  4- 6 |  7- 9 | 10-12 | 13-15 | 16-18 | 19-21 | 22-24 | 25-27 || total
-------------------------+-------+-------+-------+-------+-------+-------+-------+-------+-------++-------
Melee: Dagger            |   110 |    93 |   284 |   504 |   207 |  1306 |  1729 |  1266 |    65 ||  5564
       Rapier            |       |       |       |    42 |       |       |       |       |       ||    42
       Trident           |       |       |       |       |       |    54 |       |       |       ||    54
 Fire: Fustibalus        |       |       |       |       |       |       |   199 |   240 |    63 ||   502
Throw: Stone             |     7 |       |       |       |       |       |       |       |       ||     7
       Dart              |       |       |       |       |     1 |     3 |     8 |     1 |       ||    13
 Cast: Corona            |     7 |       |       |       |     2 |       |     1 |       |       ||    10
       Ensorcelled Hiber |    21 |    43 |    78 |   131 |   129 |   264 |   425 |   406 |    27 ||  1524
       Confusing Touch   |       |     4 |    30 |    23 |    15 |   126 |   196 |   129 |     9 ||   532
       Dazzling Flash    |       |       |       |     5 |     1 |    13 |    10 |    13 |       ||    42
       Cause Fear        |       |       |       |       |       |     7 |     2 |       |       ||     9
       Tukima's Dance    |       |       |       |       |       |     2 |     4 |     4 |       ||    10
       Silence           |       |       |       |       |       |       |     1 |     3 |       ||     4
       Summon Mana Viper |       |       |       |       |       |       |       |    19 |     2 ||    21
       Petrify           |       |       |       |       |       |       |       |     3 |     3 ||     6
       Yara's Violent Un |       |       |       |       |       |       |       |     2 |       ||     2
Invok: Shadow Step       |       |       |       |     2 |       |     6 |     9 |    10 |       ||    27
       Shadow Form       |       |       |       |       |       |       |     1 |       |       ||     1
 Abil: Evoke Invisibilit |       |       |       |     1 |     5 |     7 |     3 |     3 |       ||    19
       Evoke Blink       |       |       |       |       |       |     1 |     2 |    15 |     3 ||    21
Evoke: Wand              |       |       |       |     8 |       |    10 |    12 |    41 |     3 ||    74
       Lightning rod     |       |       |       |       |       |       |       |    12 |       ||    12
       Box of beasts     |       |       |       |       |       |       |       |     3 |     2 ||     5
  Use: Scroll            |       |     1 |    15 |    11 |     5 |    16 |    13 |    13 |     5 ||    79
       Potion            |       |       |       |     1 |     2 |     5 |     5 |    10 |    11 ||    34
 Stab: Sleeping          |    15 |    27 |    48 |   126 |    75 |   268 |   348 |   251 |    12 ||  1170
       Distracted        |     2 |       |       |     5 |       |     3 |     6 |     3 |     1 ||    20
       Confused          |       |     6 |    33 |    23 |    13 |   144 |   196 |   140 |     9 ||   564
       Invisible         |       |       |       |    10 |    18 |    44 |    18 |    28 |       ||   118
       Petrifying        |       |       |       |       |       |       |       |     3 |       ||     3
       Petrified         |       |       |       |       |       |       |       |     2 |       ||     2
  Eat: Ration            |       |     1 |     2 |     3 |     4 |     6 |    12 |     8 |     1 ||    37
Armor: Robe              |    11 |    10 |    15 |    27 |     6 |    45 |    67 |    31 |       ||   212
       Acid dragon scale |       |       |       |       |       |       |       |    40 |    11 ||    51
Dodge: Dodged            |    75 |    76 |   190 |   375 |   114 |   917 |  1176 |   765 |    55 ||  3743
Block: Buckler           |       |       |       |    14 |    57 |   378 |   529 |   388 |    29 ||  1395

Table legend:
 A = Non-vault XP
 B = Vault XP
 C = Vault XP percentage of total XP
 D = Non-vault monster count
 E = Vault monster count
 F = Vault count percentage of total count
                 A         B        C        D         E       F
            +---------+---------+-------+---------+---------+-------
      Total |  573326 |  454230 |  44.2 |    1326 |     632 |  32.3
            +---------+---------+-------+---------+---------+-------
        D:1 |      27 |       0 |   0.0 |      15 |       0 |   0.0
        D:2 |     112 |       4 |   3.4 |      25 |       2 |   7.4
        D:3 |     153 |       0 |   0.0 |      13 |       0 |   0.0
        D:4 |     432 |     197 |  31.3 |      17 |       1 |   5.6
        D:5 |     919 |      48 |   5.0 |      19 |       3 |  13.6
        D:6 |     972 |     391 |  28.7 |      25 |      15 |  37.5
        D:7 |     590 |     215 |  26.7 |      11 |       1 |   8.3
        D:8 |    2106 |    5288 |  71.5 |      20 |      33 |  62.3
        D:9 |    2552 |       0 |   0.0 |      25 |       0 |   0.0
       D:10 |    2365 |     872 |  26.9 |      20 |      26 |  56.5
       D:11 |   10470 |     820 |   7.3 |      61 |       1 |   1.6
       D:12 |    6422 |    2456 |  27.7 |      41 |      14 |  25.5
       D:13 |    7521 |    2514 |  25.1 |      27 |      10 |  27.0
       D:14 |    9548 |      78 |   0.8 |      31 |       2 |   6.1
       D:15 |   16056 |    8435 |  34.4 |      40 |       9 |  18.4
     Lair:1 |    3653 |     201 |   5.2 |      15 |       2 |  11.8
     Lair:2 |    3736 |    1606 |  30.1 |      18 |       5 |  21.7
     Lair:3 |    5335 |       0 |   0.0 |      30 |       0 |   0.0
     Lair:4 |    1527 |       0 |   0.0 |       7 |       0 |   0.0
     Lair:5 |    5723 |       0 |   0.0 |      17 |       0 |   0.0
     Lair:6 |   10747 |    8610 |  44.5 |      31 |      26 |  45.6
    Swamp:1 |   14320 |       0 |   0.0 |      43 |       0 |   0.0
    Swamp:2 |   15830 |    3957 |  20.0 |      37 |       5 |  11.9
    Swamp:3 |   12876 |    7488 |  36.8 |      37 |       6 |  14.0
    Swamp:4 |   12365 |   14398 |  53.8 |      27 |      29 |  51.8
    Snake:1 |   18769 |       0 |   0.0 |      35 |       0 |   0.0
    Snake:2 |   25783 |    2658 |   9.3 |      45 |       1 |   2.2
    Snake:3 |   33101 |    1806 |   5.2 |      59 |       3 |   4.8
    Snake:4 |   18025 |   35533 |  66.3 |      32 |      60 |  65.2
      Orc:1 |    3506 |   12527 |  78.1 |      41 |      25 |  37.9
      Orc:2 |    4764 |    1598 |  25.1 |      41 |       6 |  12.8
   Vaults:1 |   28753 |    8192 |  22.2 |      63 |      12 |  16.0
   Vaults:2 |   39255 |   33769 |  46.2 |      55 |      38 |  40.9
   Vaults:3 |   27977 |   21002 |  42.9 |      44 |      33 |  42.9
   Vaults:4 |   20979 |   38785 |  64.9 |      22 |      41 |  65.1
   Vaults:5 |   17087 |   58755 |  77.5 |      24 |      35 |  59.3
   Depths:1 |   55311 |    9889 |  15.2 |      66 |      12 |  15.4
   Depths:2 |   34333 |   23092 |  40.2 |      43 |      21 |  32.8
   Depths:3 |   28803 |   76680 |  72.7 |      40 |      68 |  63.0
   Depths:4 |   29537 |   30113 |  50.5 |      34 |      26 |  43.3
   Depths:5 |   40986 |   32300 |  44.1 |      30 |      15 |  33.3
      Sewer |       0 |     128 | 100.0 |       0 |      11 | 100.0
      IceCv |       0 |    6091 | 100.0 |       0 |      25 | 100.0
    Volcano |       0 |    3734 | 100.0 |       0 |      10 | 100.0
            +---------+---------+-------+---------+---------+-------
